 Dungeon Crawl Stone Soup version 0.21.0-25-ge575cb9 (webtiles) character file.

616 Moloch the Slasher (level 7, -5/55 HPs)
             Began as a Mummy Fighter on Jan 23, 2018.
             Was a Follower of Okawaru.
             Killed from afar by Blork the orc (9 damage)
             ... with a magic dart
             ... on level 4 of the Dungeon.
             The game lasted 00:07:37 (4312 turns).

Moloch the Slasher (Mummy Fighter)                  Turns: 4312, Time: 00:07:37

Health: -5/55      AC:  6    Str: 19    XL:     7   Next: 21%
Magic:  7/7        EV:  7    Int:  7    God:    Okawaru [*.....]
Gold:   166        SH:  9    Dex: 14    Spells: 6/6 levels left

rFire    x . .     SeeInvis .   a - +0 long sword
rCold    + . .     Gourm    .   c - +0 shield
rNeg     + + +     Faith    .   b - +0 scale mail
rPois    ∞         Spirit   .   (no helmet)
rElec    .         Reflect  .   (no cloak)
rCorr    .         Harm     .   (no gloves)
MR       .....                  (no boots)
Stlth    ..........             (no amulet)
HPRegen  0.18/turn              (no ring)
MPRegen  0.10/turn              (no ring)

@: no status effects
A: no food or potions, fire vulnerability, cold resistance 1, negative energy
resistance 3, torment resistance, unbreathing
a: Heroism, Renounce Religion


You were on level 4 of the Dungeon.
You worshipped Okawaru.
Okawaru was aware of your devotion.
You were not hungry.

You visited 1 branch of the dungeon, and saw 4 of its levels.
You also visited: Sewer.

You collected 166 gold pieces.

Inventory:

Hand Weapons
 a - a +0 long sword (weapon)
Armour
 b - a +0 scale mail (worn)
 c - a +0 shield (worn)
Jewellery
 i - a +4 ring of dexterity {unknown}
 l - an uncursed ring of magical power {unknown}
 n - a +2 ring of evasion {unknown}
Scrolls
 d - 2 scrolls of teleportation
 e - a scroll of blinking {unknown}
 f - 3 scrolls of identify {unknown}
 g - 4 scrolls of remove curse {unknown}
 h - a scroll of amnesia {unknown}
 j - 2 scrolls of random uselessness {unknown}
 k - a scroll of noise {unknown}
 m - 2 scrolls of fear {unknown}
 o - a scroll of enchant armour {unknown}


   Skills:
 + Level 4.4 Fighting
 * Level 6.1 Long Blades
 - Level 2.4 Armour
 - Level 2.4 Shields


You had 6 spell levels left.
You didn't know any spells.

Dungeon Overview and Level Annotations

Branches:
Dungeon (4/15)
 Temple: D:4-7

Altars:
Nemelex Xobeh
Okawaru

Annotations:
D:4 Blork the orc


Innate Abilities, Weirdness & Mutations

You do not eat or drink.
Your flesh is vulnerable to fire.
You are immune to poison.
Your flesh is cold resistant. (rC+)
You are immune to negative energy. (rN+++)
You are immune to unholy pain and torment.
You can survive without breathing.


Message History

A magic dart appears from out of thin air!
The magic dart hits you!
The phantom blinks!
A magic dart appears from out of thin air!
The magic dart hits you!
* * * LOW HITPOINT WARNING * * *
A puff of flame appears from out of thin air!
The puff of flame hits you! The fire burns you terribly!
* * * LOW HITPOINT WARNING * * *
The phantom blinks!
A puff of flame appears from out of thin air!
The puff of flame hits you! The fire burns you terribly!
* * * LOW HITPOINT WARNING * * *
A magic dart appears from out of thin air!
The magic dart hits you!
* * * LOW HITPOINT WARNING * * *
There is a stone staircase leading down here.
A magic dart appears from out of thin air!
The magic dart hits you!
You die...

........#......# #......
.......#####...# #......
.......# #.{.## ##.....#####
###....#
#....####..........# #....#
##...............##.# ##...#
##................##.# #....
#................###.#
.........##...........o###.#
....# ##.@............##
...# ##.............### ...
####............≈##
#.....<........≈≈##
.....##.......#≈≈### ###
#..##...#≈≈# ##.##...#≈≈#
#......##≈≈# ##...####.≈≈##


There were no monsters in sight!

Vanquished Creatures
  A centaur (D:3)
  2 scorpions (D:4)
  2 orc wizards (D:3)
  Jessica (D:2)
  An orc priest (D:3)
  2 worker ants (D:4)
  2 howler monkey skeletons (D:4)
  4 gnolls
  7 adders
  4 river rats (Sewer)
  An ooze (D:1)
  3 worms
  2 dart slugs
  4 leopard geckos
  18 orcs
  3 ball pythons (Sewer)
  9 bats
  7 giant cockroaches
  A goblin (D:2)
  4 hobgoblins
  13 frilled lizards
  10 kobolds
  13 rats
114 creatures vanquished.

Notes
Turn   | Place    | Note
-------+----------+-------------------------------------------
     0 | D:1      | Moloch the Mummy Fighter began the quest for the Orb.
     0 | D:1      | Reached XP level 1. HP: 18/18 MP: 1/1
    99 | D:1      | Reached skill level 2 in Long Blades
    99 | D:1      | Reached XP level 2. HP: 7/24 MP: 2/2
   488 | D:1      | Reached XP level 3. HP: 28/29 MP: 3/3
   601 | D:1      | Found an iron altar of Okawaru.
   615 | D:1      | Became a worshipper of Warmaster Okawaru
   857 | D:2      | Reached skill level 3 in Long Blades
   903 | D:2      | Found a sparkling altar of Nemelex Xobeh.
  1035 | D:2      | Reached XP level 4. HP: 31/36 MP: 4/4
  1062 | D:2      | Noticed Jessica
  1090 | D:2      | Killed Jessica
  1546 | D:3      | Noticed a centaur
  1732 | D:2      | Reached XP level 5. HP: 36/42 MP: 5/5
  1792 | D:2      | Reached skill level 4 in Long Blades
  2288 | D:3      | Killed a centaur
  2288 | D:3      | Reached * piety under Okawaru
  2288 | D:3      | Reached XP level 6. HP: 19/48 MP: 6/6
  2350 | D:3      | Reached skill level 5 in Long Blades
  3090 | D:4      | Found a glowing drain.
  3154 | Sewer    | Entered a sewer
  3717 | D:4      | Noticed Blork the orc
  4044 | D:4      | Reached XP level 7. HP: 54/54 MP: 7/7
  4268 | D:4      | Reached skill level 6 in Long Blades
  4312 | D:4      | Killed from afar by Blork the orc

Skill      XL: |  1  2  3  4  5  6  7 |
---------------+----------------------+-----
Long Blades    | 2 3 4 5 6 |  6.1
Fighting       | 4 |  4.4
Armour         | |  2.4
Shields        | |  2.4

Action                   |  1- 3 |  4- 6 |  7- 9 || total
-------------------------+-------+-------+-------++-------
Melee: Long sword        |   126 |   328 |    55 ||   509
Invok: Heroism           |       |     4 |       ||     4
  Use: Scroll            |       |     1 |       ||     1
Armor: Scale mail        |    65 |   113 |    13 ||   191
Dodge: Dodged            |    37 |    92 |    13 ||   142
Block: Shield            |    81 |   158 |    24 ||   263
       Rpst.: Long sword |    15 |    25 |       ||    40
